 Dungeon Crawl Stone Soup version 0.29.0-5-ge4962eb29e (webtiles) character file.

Game seed: 7105486351290017943

93 Arcadio the Charlatan (level 4, 0/37 HPs)
             Began as a Draconian Artificer on Aug 29, 2022.
             Slain by Ijyb
             ... wielding a +0 club
              (3 damage)
             ... on level 3 of the Dungeon.
             The game lasted 00:06:55 (3263 turns).

Arcadio the Charlatan (Draconian Artificer)         Turns: 3263, Time: 00:06:56

Health: 0/37       AC:  8    Str: 16      XL:     4   Next: 37%
Magic:  0/4        EV: 13    Int: 11 (12) God:
Gold:   149        SH:  0    Dex: 16 (19) Spells: 3/3 levels left

rFire   x x .      SeeInvis .   x - +0 trident
rCold   + . .      Faith    .   (no shield)
rNeg    . . .      Spirit   +   (body armour unavailable)
rPois   .          Reflect  .   (helmet restricted)
rElec   .          Harm     .   t - +2 cloak "Unkufoon" {rF- Regen+ Dex+2}
rCorr   .          Rampage  .   (no gloves)
Will    .....                   (no boots)
Stlth   ++........              f - amulet of guardian spirit
HPRegen 0.92/turn               e - ring of ice
MPRegen 0.09/turn               o - +6 ring of dexterity

@: mighty
A: AC +5, unfitting armour, cold-blooded
a: no special abilities


You were on level 3 of the Dungeon.
You visited 1 branch of the dungeon, and saw 3 of its levels.

You collected 149 gold pieces.

Inventory:

Hand Weapons
 a - a +0 club
 i - a +0 dagger
 x - a +0 trident (weapon)
Armour
 t - the +2 cloak "Unkufoon" (worn) {rF- Regen+ Dex+2}
   (You found it on level 3 of the Dungeon)

   Dex:       It affects your dexterity (+2).
   rF:        It makes you vulnerable to fire.
   Regen:     It increases your rate of health regeneration.
Jewellery
 e - a ring of ice (left hand)
 f - an amulet of guardian spirit (around neck)
 o - a +6 ring of dexterity (right hand)
 r - a +6 ring of intelligence
Wands
 b - a wand of flame (14) (quivered)
 c - a wand of charming (15)
 d - a wand of iceblast (5)
Scrolls
 g - 3 scrolls of fog {unknown}
 h - 4 scrolls of identify {unknown}
 j - a scroll of poison {unknown}
 k - 2 scrolls of fear {unknown}
 l - a scroll of magic mapping {unknown}
 m - a scroll of brand weapon {unknown}
 p - 2 scrolls of blinking {unknown}
 q - a scroll of vulnerability {unknown}
 u - a scroll of teleportation {unknown}
Potions
 n - a potion of degeneration
 s - a potion of attraction {unknown}
 v - a potion of mutation {unknown}
 w - a potion of might


   Skills:
 + Level 2.8 Fighting
 + Level 3.0 Dodging
 - Level 0.8 Stealth
 + Level 3.9 Evocations


You had 3 spell levels left.
You didn't know any spells.
Your spell library contained the following spells:

 Spells                   Type           Power      Damage    Failure   Level
 Ensorcelled Hibernation  Hex/Ice        0%         N/A       47%         2
 Gell's Gravitas          Tloc           0%         N/A       71%         3
 Lesser Beckoning         Tloc           0%         N/A       71%         3
 Spider Form              Tmut/Pois      0%         N/A       71%         3
 Teleport Other           Tloc           0%         N/A       71%         3
 Anguish                  Hex/Necr       0%         N/A       98%         4
 Petrify                  Tmut/Erth      0%         N/A       98%         4
 Metabolic Englaciation   Hex/Ice        0%         N/A       100%        5
 Summon Forest            Summ/Tloc      0%         N/A       100%        5
 Eringya's Noxious Bog    Tmut/Pois      0%         N/A       100%        6
 Statue Form              Tmut/Erth      0%         N/A       100%        6
 Summon Hydra             Summ           0%         N/A       100%        7


Dungeon Overview and Level Annotations

Branches:
Dungeon (3/15) Zot: 14704

Altars:
Ashenzari

Shops:
D:1 (

Annotations:
D:3 Ijyb


Innate Abilities, Weirdness & Mutations

Your plain brown scales are hard. (AC +5)
You cannot fit into any form of body armour.
You are cold-blooded and may be slowed by cold attacks.


Message History

Unknown command.
Reach: x) +0 trident
Press: ? - help, Dir - move target, f/p - Ijyb
Aim: Ijyb, wielding a +0 club, wearing a +0 chain mail and carrying a wand of roots (6) (about 41% to evade your +0 trident)
You reach to attack!
You barely miss Ijyb. The grasping roots constrict you.
* * * LOW HITPOINT WARNING * * *
The grasping roots release their grip on you.
It was a potion of might.
You feel very mighty all of a sudden.
Ijyb zaps a wand.
The roots erupt in riotous growth!
The grasping roots grab you!
Ijyb is unaffected.
The grasping roots constrict you.
* * * LOW HITPOINT WARNING * * *
You puncture Ijyb!
Ijyb is moderately wounded.
Ijyb hits you with a +0 club.
* * * LOW HITPOINT WARNING * * *
The grasping roots constrict you.
* * * LOW HITPOINT WARNING * * *
The grasping roots release their grip on you.
You barely miss Ijyb.
Ijyb is moderately wounded.
Ijyb hits you with a +0 club.
* * * LOW HITPOINT WARNING * * *
Ijyb hits you but does no damage.
You closely miss Ijyb.
Ijyb is moderately wounded.
Ijyb hits you but does no damage.
You barely miss Ijyb.
Ijyb is moderately wounded.
Ijyb hits you but does no damage.
You hit Ijyb but do no damage.
Your tail-slap misses Ijyb.
Ijyb is moderately wounded.
Ijyb hits you with a +0 club.
* * * LOW HITPOINT WARNING * * *
Ijyb hits you but does no damage.
You barely miss Ijyb.
Ijyb is moderately wounded.
Ijyb hits you with a +0 club.
You die...

#.#....# #.#....#
# #.#....# #
##### #.#.(..# #
#..)# #.#....# #
#.#####......## #
#..g@.#.......# #
#####.#...†...# #
#...##.##.#######
######..#........
##.######### #.##
#.....
#..###.####
##...#....#
###.####.#


You could see Ijyb.

Vanquished Creatures
  An orc wizard (D:3)
  A worm (D:2)
  3 dart slugs (D:1)
  4 orcs (D:3)
  4 ball pythons
  5 endoplasms
  6 goblins
  5 hobgoblins
  2 jackals (D:1)
  2 quokkas
  6 bats
  2 frilled lizards (D:1)
  5 kobolds
  6 rats
52 creatures vanquished.

Vanquished Creatures (others)
  A fungus (D:2)
  11 plants (D:1)
12 creatures vanquished.

Grand Total: 64 creatures vanquished

Notes
Turn   | Place    | Note
-------+----------+-------------------------------------------
     0 | D:1      | Arcadio the Draconian Artificer began the quest for the
                  | Orb.
     0 | D:1      | Reached XP level 1. HP: 16/16 MP: 1/1
   497 | D:1      | Reached XP level 2. HP: 22/23 MP: 2/2
  1284 | D:1      | Reached XP level 3. HP: 23/29 MP: 3/3
  1349 | D:1      | Found Naataib's Antique Weapon Shoppe.
  1878 | D:2      | Found a broken altar of Ashenzari.
  2484 | D:2      | Found a faded altar of an unknown god.
  2809 | D:3      | Reached XP level 4. HP: 16/37 MP: 0/4
  3129 | D:3      | Identified the +2 cloak "Unkufoon" {rF- Regen+ Dex+2}
  3242 | D:3      | Noticed Ijyb
  3263 | D:3      | Slain by Ijyb

Illustrated notes

Levels and vault maps discovered:
D:1:      dpeg_arrival_short_road, layout_basic, serial_shops, shop,
          serial_bayou_lagoon_a
D:2:      layout_loops_ring, basic_altar,
          shapermc_ecumenical_altar_mp_ritualfount
D:3:      layout_basic, hellmonk_ghost_happy_afterlife,
          minmay_misc_feat_ornament, uniq_ijyb, uniq_natasha

Skill      XL: |  1  2  3 |
---------------+----------+-----
Fighting       | 2 |  2.8
Dodging        | 3 |  3.0
Stealth        | |  0.8
Evocations     | |  3.9

Action                   |  1- 3 |  4- 6 || total
-------------------------+-------+-------++-------
Melee: Club              |    55 |       ||    55
       Tailslap          |    28 |     1 ||    29
       Dagger            |   156 |       ||   156
       Punch             |     7 |       ||     7
       Trident           |     8 |    25 ||    33
Evoke: Wand              |       |     1 ||     1
  Use: Potion            |     4 |     1 ||     5
 Stab: Sleeping          |     4 |       ||     4
       Invisible         |     2 |     3 ||     5
Armor: Skin              |    73 |    14 ||    87
Dodge: Dodged            |   144 |     5 ||   149
